Map: Catalesque CE

Players

ALXN

  • Race: Protoss Protoss
  • Spawn Location: 11:00

MicroJordann

  • Race: Protoss Protoss
  • League: Gold
  • Spawn Location: 11:00

Ekelpack - Winner!

  • Race: Zerg Zerg
  • Spawn Location: 5:00

Nyck - Winner!

  • Race: Terran Terran
  • League: Silver
  • Spawn Location: 5:00

VOD

Have the link to the VOD?

Description

Time

  • Played on: Nov. 8, 2024, 4:10 p.m.
  • Length: 20:37
Show
View Real Time Build Order
Export as new Build Order

ALXN Protoss 

Build Orders: Carriers 

Get SALT Encoding   

  12  0:00  Probe  
  13  0:12  Probe  
  14  0:17  Pylon  
  14  0:24  Probe  
  15  0:36  Probe (Chrono Boost)  
  15  0:38  Gateway  
  16  0:47  Probe (Chrono Boost)  
  17  0:52  Probe (Chrono Boost)  
  18  0:58  Assimilator  
  18  1:00  Assimilator  
  18  1:06  Probe  
  19  1:18  Probe  
  20  1:36  Cybernetics Core  
  20  1:38  Gateway  
  20  1:39  Probe  
  21  1:43  Pylon  
  21  1:51  Probe  
  22  2:03  Probe  
  23  2:17  Warp Gate  
  23  2:25  Adept (Chrono Boost)  
  23  2:26  Adept (Chrono Boost)  
  23  2:27  Pylon  
  26  2:46  Sentry, Adept  
  30  3:07  Nexus  
  30  3:08  Pylon  
  30  3:11  Stargate  
  30  3:31  Nexus  
  30  3:41  Stargate  
  30  3:44  Probe  
  31  3:56  Probe  
  36  4:08  Void Ray (Chrono Boost), Probe  
  37  4:23  Assimilator, Probe  
  38  4:26  Assimilator  
  38  4:36  Void Ray (Chrono Boost)  
  42  4:41  Adept x2  
  47  4:53  Probe (Chrono Boost)  
  47  4:58  Probe (Chrono Boost)  
  48  5:02  Probe (Chrono Boost)  
  48  5:04  Zealot  
  48  5:06  Zealot, Probe (Chrono Boost)  
  54  5:07  Probe (Chrono Boost)  
  59  5:18  Void Ray (Chrono Boost)  
  59  5:26  Probe  
  59  5:27  Probe  
  61  5:39  Pylon  
  61  5:40  Probe  
  62  5:53  Pylon  
  62  6:03  Void Ray  
  69  6:15  Void Ray  
  69  6:20  Stalker x2  
  77  6:50  Void Ray  
  77  6:54  Probe  
  78  6:57  Pylon  
  78  6:58  Pylon  
  78  7:15  Probe  
  83  7:21  Void Ray  
  75  7:30  Stalker x2  
  59  7:54  Stalker x2  
  45  8:26  Stalker x2  
  49  8:29  Probe x2  
  57  8:34  Void Ray x2 (Chrono Boost)  
  57  8:38  Nexus  
  57  8:40  Pylon  
  49  9:04  Stalker x2  
  53  9:11  Shield Battery  
  53  9:12  Shield Battery  
  53  9:15  Void Ray (Chrono Boost)  
  61  9:20  Gateway, Void Ray (Chrono Boost)  
  61  9:23  Probe x2  
  63  9:27  Stalker  
  63  9:30  Stalker  
  67  9:35  Probe  
  68  9:43  Protoss Air Weapons Level 1 (Chrono Boost)  
  68  9:51  Stalker  
  70  9:53  Stalker  
  70  9:59  Probe x2  
  74  10:02  Pylon  
  74  10:07  Assimilator  
  74  10:09  Assimilator  
  74  10:19  Adept  
  74  10:20  Sentry, Void Ray  
  82  10:22  Sentry  
  79  10:40  Stalker  
  81  10:43  Stalker  
  83  10:55  Stalker  
  89  10:58  Void Ray  
  93  11:07  Void Ray  
  75  11:26  Stalker  
  75  11:27  Stalker x2  
  55  11:48  Void Ray (Chrono Boost)  
  55  11:51  Void Ray (Chrono Boost)  
  59  11:56  Probe x3  
  62  12:04  Stalker x2  
  66  12:15  Fleet Beacon  
  66  12:23  Probe x2  
  68  12:36  Probe x3  
  71  12:37  Stargate  
  71  12:48  Probe x2  
  73  12:55  Carrier (Chrono Boost)  
  79  13:02  Probe x2  
  79  13:03  Carrier (Chrono Boost)  
  81  13:10  Probe  
  88  13:14  Probe  
  88  13:16  Probe  
  90  13:22  Probe, Pylon  
  84  13:38  Probe x2  
  84  13:40  Carrier (Chrono Boost)  
  86  13:42  Pylon  
  86  13:47  Probe  
  93  14:01  Probe  
  100  14:03  Carrier (Chrono Boost)  
  100  14:12  Shield Battery  
  100  14:13  Probe x2  
  100  14:14  Shield Battery  
  102  14:24  Probe  
  103  14:25  Probe  
  103  14:30  Probe  
  105  14:33  Carrier (Chrono Boost)  
  105  14:36  Probe  
  112  14:52  Carrier (Chrono Boost)  
  118  15:00  Probe x2  
  118  15:05  Protoss Air Weapons Level 2 (Chrono Boost)  
  120  15:18  Pylon  
  120  15:37  Carrier x2 (Chrono Boost)  
  120  15:38  Pylon  
  132  15:55  Carrier (Chrono Boost)  
  104  16:37  Carrier (Chrono Boost)  
  116  16:48  Carrier (Chrono Boost)  
  122  16:57  Nexus  
  122  16:59  Pylon  
  122  17:03  Carrier (Chrono Boost)  
  76  19:02  Nexus  
  69  19:03  Pylon  
  69  19:14  Nexus  
  63  19:25  Nexus  
Show
View Real Time Build Order
Export as new Build Order

MicroJordann Protoss 

Build Orders: Chargelot Immortal 

Get SALT Encoding   

  12  0:01  Probe  
  13  0:13  Probe  
  14  0:25  Probe  
  14  0:26  Pylon  
  15  0:44  Probe (Chrono Boost)  
  16  0:50  Gateway  
  16  0:56  Probe (Chrono Boost)  
  17  0:57  Assimilator  
  17  1:00  Assimilator  
  17  1:03  Probe (Chrono Boost)  
  18  1:13  Probe  
  19  1:19  Gateway  
  19  1:25  Probe  
  20  1:37  Probe  
  21  1:40  Cybernetics Core  
  21  1:43  Pylon  
  21  1:49  Probe  
  22  2:01  Probe  
  23  2:09  Pylon  
  23  2:15  Adept x2 (Chrono Boost)  
  22  2:18  Warp Gate  
  26  2:36  Adept  
  26  2:37  Adept  
  30  2:55  Nexus  
  30  2:59  Pylon  
  30  3:04  Probe  
  31  3:18  Robotics Facility  
  31  3:21  Twilight Council  
  31  3:23  Probe  
  32  3:28  Sentry  
  32  3:34  Stalker  
  36  3:48  Shield Battery  
  36  3:56  Charge (Chrono Boost)  
  36  3:58  Probe  
  37  4:07  Observer  
  38  4:10  Probe  
  39  4:23  Probe x2  
  41  4:33  Robotics Bay  
  41  4:35  Probe x2  
  43  4:42  Immortal  
  43  4:44  Zealot x2  
  51  4:53  Gateway  
  51  4:57  Gateway  
  51  5:07  Stalker x2  
  55  5:18  Probe (Chrono Boost)  
  55  5:19  Probe (Chrono Boost)  
  57  5:23  Blink (Chrono Boost)  
  59  5:29  Probe x2 (Chrono Boost)  
  59  5:38  Pylon  
  59  5:41  Pylon  
  59  5:43  Probe  
  60  5:51  Pylon  
  60  5:54  Immortal (Chrono Boost)  
  62  6:07  Stalker x3  
  62  6:08  Stalker  
  70  6:18  Shield Battery  
  70  6:21  Shield Battery  
  70  6:32  Zealot x4  
  76  6:37  Immortal (Chrono Boost)  
  82  6:44  Pylon  
  82  6:49  Pylon  
  82  6:53  Zealot  
  82  6:54  Zealot  
  86  7:14  Warp Prism  
  78  7:30  Zealot  
  78  7:31  Zealot x3  
  61  8:07  Stalker x3  
  61  8:08  Stalker  
  55  8:33  Immortal  
  51  8:37  Stalker x2  
  51  8:39  Zealot x2  
  55  9:01  Stalker  
  55  9:02  Stalker  
  53  9:04  Zealot x2  
  47  9:12  Immortal  
  41  9:30  Stalker x2, Forge  
  45  9:32  Forge  
  45  9:33  Nexus  
  45  9:36  Pylon  
  45  9:44  Assimilator  
  45  9:51  Immortal  
  45  9:52  Probe x2  
  51  9:54  Stalker x2  
  51  9:57  Shield Battery  
  55  10:04  Stalker  
  55  10:06  Stalker  
  59  10:13  Protoss Ground Weapons Level 1 (Chrono Boost)  
  59  10:31  Stalker x2  
  63  10:47  Probe x3  
  66  10:50  Zealot  
  66  10:51  Zealot  
  66  10:56  Warp Prism  
  72  10:59  Probe x3  
  75  11:09  Stalker  
  75  11:10  Stalker  
  75  11:11  Probe x2  
  73  11:26  Stalker x2  
  49  11:45  Probe  
  49  11:46  Probe x2  
  52  11:49  Protoss Ground Armor Level 1 (Chrono Boost)  
  52  11:50  Stalker x2  
  56  11:58  Probe x3 (Chrono Boost)  
  59  12:03  Dark Shrine  
  59  12:06  Assimilator  
  59  12:09  Assimilator  
  59  12:10  Probe x2 (Chrono Boost)  
  59  12:11  Probe (Chrono Boost)  
  62  12:16  Photon Cannon  
  62  12:18  Probe x2 (Chrono Boost)  
  62  12:19  Probe (Chrono Boost)  
  58  12:24  Probe  
  57  12:39  Photon Cannon  
  57  12:41  Photon Cannon x2  
  57  12:46  Photon Cannon  
  57  12:53  Photon Cannon  
  57  12:54  Probe  
  57  12:55  Probe x2  
  60  13:07  Probe x2  
  62  13:15  Stalker x3, Gateway  
  62  13:16  Stalker  
  62  13:19  Gateway  
  70  13:25  Gateway  
  70  13:30  Immortal (Chrono Boost)  
  70  13:33  Protoss Ground Weapons Level 2 (Chrono Boost)  
  74  13:41  Protoss Ground Armor Level 2 (Chrono Boost)  
  74  13:48  Dark Templar x2  
  74  13:49  Dark Templar x2  
  74  13:53  Archon x2  
  82  13:57  Probe (Chrono Boost)  
  82  13:58  Probe (Chrono Boost)  
  82  14:02  Probe (Chrono Boost), Immortal  
  89  14:08  Probe (Chrono Boost)  
  89  14:09  Probe (Chrono Boost)  
  92  14:12  Probe (Chrono Boost)  
  92  14:13  Probe (Chrono Boost)  
  93  14:18  Stalker x2, Nexus  
  93  14:20  Pylon  
  93  14:21  Probe  
  93  14:22  Pylon  
  98  14:29  Probe x2  
  98  14:31  Pylon  
  100  14:33  Probe  
  100  14:41  Observer  
  100  14:44  Stalker x2  
  100  14:45  Stalker x4  
  113  14:54  Nexus  
  113  14:56  Pylon  
  113  14:57  Pylon  
  113  15:17  Photon Cannon  
  101  15:30  Probe  
  102  15:39  Dark Templar x2  
  102  15:40  Dark Templar x5  
  116  15:43  Immortal  
  116  15:48  Archon x3  
  62  16:24  Dark Templar x3  
  62  16:25  Dark Templar x2  
  72  16:27  Zealot x2  
  35  16:57  Dark Templar x2  
  39  17:16  Zealot x5  
  49  17:25  Archon x3  
  49  17:44  Zealot  
  49  17:45  Zealot x4  
  49  17:46  Zealot x2  
  49  18:18  Zealot  
  49  18:19  Zealot x5  
Show
View Real Time Build Order
Export as new Build Order

Ekelpack Zerg - Winner!

Build Orders: Hatch First 

Get SALT Encoding   

  12  0:00  Drone  
  13  0:13  Overlord  
  13  0:18  Drone  
  14  0:34  Drone  
  15  0:46  Hatchery  
  15  0:49  Drone  
  15  1:06  Spawning Pool  
  15  1:07  Drone  
  15  1:17  Drone  
  16  1:20  Extractor  
  15  1:29  Drone x3  
  18  1:53  Queen  
  20  1:58  Queen  
  22  2:03  Drone  
  22  2:04  Overlord  
  22  2:06  Drone  
  24  2:12  Drone  
  24  2:15  Drone  
  26  2:18  Drone, Extractor  
  26  2:26  Drone  
  27  2:31  Lair  
  27  2:39  Drone x2  
  27  2:41  Drone x2  
  31  2:47  Drone  
  32  2:54  Drone  
  33  3:04  Drone x3  
  36  3:05  Overlord  
  36  3:18  Drone, Extractor  
  36  3:23  Drone, Extractor  
  36  3:24  Drone  
  37  3:28  Drone x2  
  37  3:31  Spire  
  38  3:35  Drone  
  39  3:44  Drone  
  39  3:45  Drone x4  
  44  3:49  Overlord  
  44  3:50  Overlord  
  44  4:07  Drone  
  45  4:17  Overlord  
  45  4:20  Overlord  
  45  4:43  Mutalisk x5  
  45  4:44  Mutalisk x5  
  65  4:53  Queen  
  65  4:59  Metabolic Boost  
  67  5:00  Zergling x2  
  67  5:01  Zergling x8  
  72  5:07  Hatchery  
  71  5:14  Zerg Flyer Weapons Level 1  
  71  5:26  Zergling x10  
  71  5:27  Overlord  
  71  5:28  Overlord  
  76  6:11  Overlord x2  
  76  6:13  Zergling x4  
  76  6:14  Zergling x8  
  82  6:24  Hydralisk Den  
  81  6:26  Evolution Chamber  
  81  6:27  Evolution Chamber  
  80  6:34  Infestation Pit  
  80  6:38  Drone x4  
  80  6:39  Drone x2  
  85  6:49  Zergling x6  
  88  6:56  Zerg Melee Weapons Level 1, Zerg Ground Armor Level 1  
  88  6:59  Drone x4  
  88  7:00  Drone  
  93  7:03  Extractor x2  
  93  7:07  Overlord x2  
  91  7:20  Zergling x4, Mutalisk x4  
  89  7:32  Zergling x10  
  75  7:41  Zergling x6  
  69  7:50  Zergling x6  
  66  7:59  Hive  
  66  8:01  Zergling x2  
  66  8:02  Zergling x4  
  69  8:09  Zergling x4  
  69  8:12  Zergling x2  
  67  8:18  Zergling x6  
  60  8:27  Mutalisk x6  
  60  8:28  Mutalisk x3  
  74  8:49  Zergling x10  
  74  8:50  Zergling x8  
  83  9:01  Zergling x4  
  83  9:02  Zergling x2  
  83  9:15  Mutalisk x4  
  83  9:16  Mutalisk x5  
  100  9:19  Zergling x2  
  100  9:23  Drone x2  
  103  9:32  Ultralisk Cavern  
  103  9:35  Drone  
  103  9:55  Mutalisk x2  
  103  9:56  Mutalisk x7  
  103  9:57  Mutalisk  
  123  10:06  Drone  
  124  10:11  Zerg Flyer Weapons Level 2  
  124  10:15  Zergling x8  
  124  10:16  Zergling x4, Overlord  
  130  10:35  Ultralisk  
  136  10:49  Zergling x4  
  138  10:50  Overlord  
  138  10:51  Overlord  
  138  10:55  Adrenal Glands  
  138  10:56  Zerg Melee Weapons Level 2, Zerg Ground Armor Level 2  
  138  10:59  Overlord  
  131  11:31  Ultralisk x2  
  131  11:32  Zergling x10, Ultralisk  
  140  11:33  Zergling x2  
  134  12:01  Zergling x4, Ultralisk x2  
  146  12:02  Zergling x4  
  146  12:04  Zergling x2  
  151  12:11  Overlord x2  
  151  12:12  Hatchery  
  150  12:48  Overlord x3  
  150  12:49  Ultralisk x4, Extractor  
  150  12:50  Zergling x8  
  177  12:51  Overlord  
  177  13:07  Chitinous Plating  
  177  13:11  Zergling x2  
  177  13:12  Zergling x12  
  184  13:18  Pneumatized Carapace  
  184  13:51  Zergling x2  
  184  13:52  Zergling x8, Ultralisk  
  184  13:53  Zergling x2  
  195  14:11  Drone x4  
  199  14:22  Zerg Melee Weapons Level 3  
  199  14:23  Zerg Ground Armor Level 3  
  199  14:26  Anabolic Synthesis  
  199  14:53  Extractor  
  198  15:07  Zergling x2  
  169  16:08  Ultralisk  
  169  16:09  Ultralisk x5  
  169  16:10  Zergling x10  
  169  16:11  Zergling x6  
  170  16:28  Zergling x12, Ultralisk  
  170  16:29  Zergling x12  
  170  16:30  Zergling x10  
  145  16:58  Ultralisk x4  
  145  16:59  Zergling x8, Ultralisk  
  178  17:02  Hatchery  
  163  18:10  Corruptor x3  
  163  18:11  Corruptor x7  
  163  18:12  Corruptor  
  185  18:13  Zergling x4  
  185  18:14  Zergling x6  
  172  18:51  Zergling x10  
  168  19:07  Extractor  
  143  19:22  Extractor  
  143  19:24  Drone x3  
  144  19:35  Zergling x10  
  144  19:36  Zergling x12  
  144  19:37  Zergling x12  
  144  19:38  Zergling x12  
  165  19:39  Zergling x12  
  165  19:40  Zergling x4  
Show
View Real Time Build Order
Export as new Build Order

Nyck Terran - Winner!

Build Orders:  

Get SALT Encoding   

  12  0:00  SCV  
  13  0:12  SCV  
  14  0:17  Supply Depot  
  14  0:25  SCV  
  15  0:39  SCV  
  15  0:40  Barracks  
  16  0:50  Refinery  
  16  0:52  SCV, Refinery  
  17  1:06  SCV  
  18  1:19  SCV  
  19  1:30  Reaper  
  20  1:33  Supply Depot  
  20  1:34  Orbital Command  
  20  1:50  Barracks  
  20  2:09  SCV  
  21  2:19  Barracks Tech Lab  
  21  2:21  SCV  
  22  2:25  Command Center  
  22  2:37  Marauder  
  22  2:38  Concussive Shells  
  22  2:40  Barracks Tech Lab  
  24  2:47  SCV  
  25  2:59  Supply Depot, SCV  
  25  3:01  Marauder  
  25  3:04  Marauder  
  30  3:11  SCV  
  31  3:22  Marauder  
  31  3:23  SCV  
  31  3:26  Marauder  
  35  3:44  Marauder  
  37  3:49  Stimpack  
  37  3:50  Combat Shield  
  37  3:54  Factory  
  37  3:57  Barracks  
  37  4:00  Barracks  
  37  4:07  Orbital Command  
  37  4:09  SCV  
  38  4:21  SCV  
  39  4:25  Refinery  
  39  4:33  SCV  
  39  4:36  SCV  
  42  4:45  SCV  
  42  4:46  Barracks Reactor  
  42  4:48  SCV  
  43  4:53  Barracks Reactor  
  43  4:57  SCV  
  43  4:58  Marine x2  
  46  5:00  SCV  
  47  5:09  SCV, Refinery  
  47  5:12  SCV  
  49  5:16  Marine x2  
  51  5:22  SCV  
  51  5:23  Supply Depot, Command Center  
  51  5:24  SCV  
  53  5:31  Factory Reactor  
  53  5:32  Starport  
  53  5:33  Marine  
  54  5:44  Marine x3  
  54  5:45  SCV x2  
  54  5:46  Supply Depot  
  59  5:56  Marine, Marauder  
  62  6:08  SCV x2, Marine x2, Marauder  
  62  6:09  Supply Depot  
  68  6:15  Starport  
  68  6:20  SCV x2  
  68  6:22  Factory Reactor  
  70  6:30  Marine x2  
  70  6:32  Supply Depot, SCV x2  
  74  6:39  Marine x2  
  76  6:44  SCV x2  
  78  6:50  Viking x2  
  82  6:55  Supply Depot  
  82  6:58  Supply Depot  
  82  7:02  Marine x3  
  82  7:03  Marine x3  
  82  7:06  Viking x2  
  92  7:19  Supply Depot  
  92  7:20  Marine x2  
  49  7:44  Marine  
  49  7:45  Marine x3  
  49  7:46  Marauder x2  
  45  8:02  Marine  
  45  8:03  Marine x2  
  45  8:07  Marauder  
  45  8:08  Marauder  
  44  8:26  Marine  
  44  8:27  Marine x3  
  40  8:29  Marauder x2, Viking x3  
  41  8:44  Marine x2  
  41  8:45  Viking  
  41  8:46  Marine x2  
  37  9:06  Marine x5  
  42  9:12  SCV  
  44  9:19  Orbital Command  
  43  9:26  SCV  
  44  9:47  Command Center  
  44  9:56  SCV x2  
  44  9:57  Marine x3  
  44  9:58  Marine  
  44  9:59  Marauder x2, Viking  
  56  10:01  Viking  
  58  10:10  SCV x2  
  60  10:19  Refinery  
  60  10:21  Refinery  
  60  10:22  SCV x2  
  60  10:24  Marine x2  
  60  10:25  Marine  
  65  10:34  SCV x2  
  67  10:46  SCV x2, Marine  
  67  10:47  Marine x3  
  73  10:58  SCV  
  73  10:59  SCV  
  73  11:00  Orbital Command  
  75  11:05  Marine x3  
  75  11:10  SCV, Medivac  
  75  11:11  SCV  
  61  11:24  Marine  
  61  11:25  Marine x4  
  54  11:26  Marauder  
  56  11:42  Marine x2  
  56  11:44  Marauder  
  56  11:45  SCV x2  
  56  11:46  SCV  
  63  11:48  Marine x2  
  63  11:49  Marauder  
  63  11:51  Medivac x2  
  63  11:52  Viking  
  73  11:57  SCV  
  73  11:58  SCV x2  
  76  12:05  Marauder  
  78  12:10  SCV x3  
  81  12:16  Marine x3, Marauder  
  81  12:17  Marine  
  81  12:22  SCV x3  
  90  12:34  SCV x2, Marauder  
  94  12:37  Viking x2  
  94  12:38  Medivac x2  
  94  12:43  Command Center  
  102  12:46  SCV  
  102  12:47  SCV x2  
  105  12:54  Marine x4  
  109  12:59  Supply Depot  
  109  13:01  SCV x3  
  112  13:13  SCV  
  112  13:14  Command Center  
  113  13:22  Supply Depot  
  113  13:24  SCV x2  
  115  13:30  Refinery  
  115  13:32  SCV  
  116  13:35  Marine x4  
  116  13:36  Marauder x2  
  116  13:37  Viking  
  116  13:38  Viking  
  128  13:46  Supply Depot  
  128  13:56  Orbital Command  
  128  13:59  Refinery  
  128  14:01  SCV x3  
  131  14:08  Supply Depot  
  131  14:13  SCV x3  
  134  14:17  Marine x4  
  134  14:18  Marauder x2  
  134  14:20  Viking x4  
  150  14:24  SCV  
  150  14:25  SCV x2  
  150  14:26  SCV  
  150  14:28  SCV  
  155  14:35  Marine x3  
  155  14:36  SCV  
  155  14:37  SCV  
  155  14:38  SCV  
  161  14:46  Orbital Command  
  161  14:49  SCV x2  
  161  14:50  Viking x2  
  161  14:52  SCV x2  
  169  14:54  Marine x4  
  169  14:55  Marine x2  
  169  14:56  Viking x2  
  179  15:00  Engineering Bay  
  179  15:01  SCV  
  179  15:02  SCV  
  179  15:04  SCV x2  
  183  15:13  SCV  
  184  15:20  Viking x2  
  188  15:26  Engineering Bay  
  187  15:34  Marine x4  
  195  15:35  Marauder  
  195  15:36  Marauder  
  195  15:48  SCV x3, Viking  
  200  15:50  Starport  
  200  15:54  Armory  
  200  16:02  SCV x2  
  200  16:03  Viking  
  173  16:13  Viking x2  
  173  16:18  Viking  
  149  16:29  Starport  
  138  16:33  Viking  
  132  16:42  Marine x6  
  132  16:43  Viking x2  
  142  16:48  Viking  
  142  16:51  Terran Infantry Weapons Level 1, Terran Infantry Armor Level 1  
  142  16:52  Terran Vehicle And Ship Armor Level 1  
  144  16:55  Armory  
  144  16:58  Refinery x2  
  124  17:03  Viking  
  124  17:07  Starport  
  122  17:13  Viking  
  122  17:14  Starport Reactor x2  
  116  17:24  Marine x2  
  116  17:25  Marine x4  
  116  17:42  Marine  
  117  17:44  Missile Turret  
  117  17:45  Starport  
  117  17:53  SCV x4  
  117  17:57  Viking x6  
  117  17:58  Viking x2  
  135  18:02  Starport Reactor  
  135  18:03  Missile Turret  
  137  18:15  SCV  
  137  18:16  SCV x2  
  140  18:21  SCV  
  140  18:23  Missile Turret  
  140  18:24  Starport  
  141  18:27  Viking x6  
  141  18:28  Starport Reactor, Viking x2  
  141  18:32  Marine  
  141  18:33  Marine x5  
  163  18:37  SCV x4  
  163  18:38  SCV  
  163  18:40  Viking  
  163  18:41  Viking  
  172  18:42  Missile Turret  
  172  18:49  SCV x2  
  172  18:50  SCV, Marine  
  172  18:51  Marine x5  
  172  18:52  Refinery  
  181  18:57  Viking x7  
  181  18:58  Viking  
  181  19:02  Missile Turret  
  197  19:08  Marine x3  
  200  19:21  Missile Turret  
Tags
 
Add a new tag
Caveats
  • Supply blocks, unpowered buildings, or Contaminate may cause inaccurate times.
  • Supply counts are checked every 10 seconds.